 Dungeon Crawl Stone Soup version 0.26.0-7-g794d0892b4 (webtiles) character file.

Game seed: 4450956429259137271

540217 dolemite99 the Hoplite (level 24, -1/211 HPs)
             Began as a Minotaur Fighter on Jan 10, 2021.
             Was a Priest of Hepliaklqana.
             Slain by an acid blob (15 damage)
             ... on level 1 of the Pits of Slime on Jan 11, 2021.
             The game lasted 01:59:50 (64983 turns).

dolemite99 the Hoplite (Minotaur Fighter)          Turns: 64983, Time: 01:59:51

Health: -1/211     AC: 22    Str: 30    XL:     24   Next: 71%
Magic:  0/31       EV:  7    Int:  4    God:    Hepliaklqana [***...]
Gold:   2564       SH:  0    Dex: 19    Spells: 23/23 levels left

rFire    + . .     SeeInvis +   b - +11 broad axe of the Vase {vorpal, rPois Dex+4 SInv}
rCold    + + .     Faith    .   h - +8 tower shield {reflect}
rNeg     . . .     Spirit   +   O - +0 gold dragon scales
rPois    +         Reflect  +   U - +0 hat
rElec    .         Harm     .   T - +1 cloak the Blue Komodo Dragon {rC+ Slay+3}
rCorr    +         Rampage  .   B - +2 pair of gloves {Str+3}
Will     +....                  u - +1 pair of boots of Doera {Dex+2 Slay+5}
Stlth    ..........             P - amulet of guardian spirit
HPRegen  0.45/turn              q - ring of resist corrosion
MPRegen  0.22/turn              V - +4 ring of protection {=R}

@: confused, corroded, studying Staves
A: retaliatory headbutt, reduced essence, horns 2, dopey 1, weak 1
}: 3/15 runes: serpentine, barnacled, silver
a: Renounce Religion, Recall Ancestor, Ancestor Identity, Transference


You were on level 1 of the Pits of Slime.
You worshipped Hepliaklqana.
Hepliaklqana was most pleased with you.
You visited 11 branches of the dungeon, and saw 46 of its levels.
You visited 1 bazaar.
You also visited: Ossuary, Bailey, Gauntlet and Ice Cave.

You collected 7671 gold pieces.
You spent 5107 gold pieces at shops.

Inventory:

Hand Weapons
 a - a +9 demon whip of electrocution
 b - the +11 broad axe of the Vase (weapon) {vorpal, rPois Dex+4 SInv}
   (You took it off a vault guard on level 5 of the Vaults)

   It inflicts extra damage upon your enemies.
   It affects your dexterity (+4).
   It protects you from poison.
   It lets you see invisible.
 c - the +11 morningstar "Couniz" {vorpal, Int+4 Dex+4}
   (You bought it in a shop on level 1 of the Depths)

   It inflicts extra damage upon your enemies.
   It affects your intelligence (+4).
   It affects your dexterity (+4).
Missiles
 f - 23 silver javelins
 s - 24 javelins (quivered)
Armour
 h - a +8 tower shield of reflection (worn)
 u - the +1 pair of boots of Doera (worn) {Dex+2 Slay+5}
   (You acquired it on level 13 of the Dungeon)

   It affects your dexterity (+2).
   It affects your accuracy and damage with ranged weapons and melee attacks
   (+5).
 B - a +2 pair of gloves of strength (worn)
 O - +0 gold dragon scales (worn)
 T - the +1 cloak the Blue Komodo Dragon (worn) {rC+ Slay+3}
   (You found it on level 4 of the Lair of Beasts)

   It affects your accuracy and damage with ranged weapons and melee attacks
   (+3).
   It protects you from cold.
 U - a +0 hat (worn)
Magical Staves
 E - an uncursed staff of air
Jewellery
 l - an uncursed ring of protection from cold
 q - a ring of resist corrosion (left hand)
 r - the ring of Levity {rN+ MP+9 Int+6 Dex+2}
   (You found it in an ice cave)

   [ring of intelligence]

   It affects your intelligence (+6).
   It affects your dexterity (+2).
   It protects you from negative energy.
   It affects your magic capacity (+9).
 L - an uncursed ring of protection from fire
 P - an amulet of guardian spirit (around neck)
 Q - an uncursed ring of willpower
 V - a +4 ring of protection (right hand) {=R}
Wands
 k - a wand of polymorph (18)
 n - a wand of disintegration (61)
 w - a wand of digging (14)
 y - a wand of acid (21)
 D - a wand of iceblast (25)
 J - a wand of enslavement (21)
 S - a wand of paralysis (21)
Scrolls
 e - 12 scrolls of fear
 i - 7 scrolls of identify {@r1}
 m - 17 scrolls of teleportation
 p - 14 scrolls of fog
 x - 27 scrolls of remove curse {@r2}
 I - a scroll of silence
 N - 3 scrolls of immolation
 Z - 2 scrolls of blinking
Potions
 d - 10 potions of might
 j - 3 potions of berserk rage
 t - 9 potions of brilliance
 v - 2 potions of cancellation
 C - 24 potions of curing
 F - 5 potions of haste
 H - 5 potions of flight
 K - 5 potions of magic
 R - 14 potions of ambrosia
 X - 4 potions of resistance
 Y - 6 potions of heal wounds
Books
 G - a manual of Staves
Miscellaneous
 g - a phantom mirror
 o - a phial of floods
 z - a tin of tremorstones (2/2)
 A - a lightning rod (4/4)
 M - a condenser vane
 W - a box of beasts


   Skills:
 - Level 23.2 Fighting
 + Level 14.4(15.6) Axes
 - Level 11.0(14.0) Maces & Flails
 - Level 16.0 Throwing
 - Level 23.0 Armour
 - Level 23.5 Shields
 - Level 13.0 Invocations
 - Level 12.0 Evocations


You had 23 spell levels left.
You didn't know any spells.
Your spell library contained the following spells:

 Spells                   Type           Power        Failure   Level
 Animate Skeleton         Necr           0%           99%         1
 Beastly Appendage        Tmut           0%           99%         1
 Corona                   Hex            0%           99%         1
 Foxfire                  Conj/Fire      0%           99%         1
 Pain                     Necr           0%           99%         1
 Shock                    Conj/Air       0%           99%         1
 Sting                    Tmut/Pois      0%           99%         1
 Blink                    Tloc           N/A          100%        2
 Ensorcelled Hibernation  Hex/Ice        0%           100%        2
 Poisonous Vapours        Pois/Air       0%           100%        2
 Searing Ray              Conj           0%           100%        2
 Slow                     Hex            0%           100%        2
 Wereblood                Tmut           0%           100%        2
 Confusing Touch          Hex            0%           100%        3
 Conjure Flame            Conj/Fire      0%           100%        3
 Dazzling Flash           Conj/Hex       0%           100%        3
 Frozen Ramparts          Ice            0%           100%        3
 Gell's Gravitas          Tloc           0%           100%        3
 Ignite Poison            Fire/Tmut/Pois 0%           100%        3
 Lesser Beckoning         Tloc           0%           100%        3
 Mephitic Cloud           Conj/Pois/Air  0%           100%        3
 Portal Projectile        Hex/Tloc       0%           100%        3
 Spider Form              Tmut/Pois      0%           100%        3
 Static Discharge         Conj/Air       0%           100%        3
 Summon Guardian Golem    Hex/Summ       0%           100%        3
 Teleport Other           Tloc           0%           100%        3
 Tukima's Dance           Hex            0%           100%        3
 Vampiric Draining        Necr           0%           100%        3
 Animate Dead             Necr           0%           100%        4
 Cause Fear               Hex            0%           100%        4
 Ice Form                 Ice/Tmut       0%           100%        4
 Iskenderun's Mystic Bla  Conj/Tloc      0%           100%        4
 Olgreb's Toxic Radiance  Pois           0%           100%        4
 Passage of Golubria      Tloc           N/A          100%        4
 Petrify                  Tmut/Erth      0%           100%        4
 Sticky Flame             Conj/Fire      0%           100%        4
 Summon Ice Beast         Ice/Summ       0%           100%        4
 Summon Lightning Spire   Summ/Air       0%           100%        4
 Agony                    Necr           0%           100%        5
 Blade Hands              Tmut           0%           100%        5
 Bolt of Magma            Conj/Fire/Erth 0%           100%        5
 Borgnjor's Vile Clutch   Necr/Erth      0%           100%        5
 Fireball                 Conj/Fire      0%           100%        5
 Irradiate                Conj/Tmut      0%           100%        5
 Iskenderun's Battlesphe  Conj           0%           100%        5
 Lightning Bolt           Conj/Air       0%           100%        5
 Metabolic Englaciation   Hex/Ice        0%           100%        5
 Silence                  Hex/Air        0%           100%        5
 Yara's Violent Unravell  Hex/Tmut       0%           100%        5
 Conjure Ball Lightning   Conj/Air       0%           100%        6
 Death Channel            Necr           0%           100%        6
 Freezing Cloud           Conj/Ice/Air   0%           100%        6
 Hydra Form               Tmut           0%           100%        6
 Iron Shot                Conj/Erth      0%           100%        6
 Ozocubu's Refrigeration  Ice            0%           100%        6
 Shadow Creatures         Summ           N/A          100%        6
 Simulacrum               Ice/Necr       0%           100%        6
 Statue Form              Tmut/Erth      0%           100%        6
 Dragon Form              Tmut           0%           100%        7
 Malign Gateway           Summ/Tloc      0%           100%        7
 Monstrous Menagerie      Summ           0%           100%        7
 Orb of Destruction       Conj           0%           100%        7
 Spellforged Servitor     Conj/Summ      0%           100%        7
 Summon Greater Demon     Summ           0%           100%        7
 Discord                  Hex            0%           100%        8
 Ignition                 Fire           0%           100%        8
 Summon Horrible Things   Summ           0%           100%        8
 Dragon's Call            Summ           0%           100%        9
 Shatter                  Erth           0%           100%        9
 Tornado                  Air            0%           100%        9


Dungeon Overview and Level Annotations

Branches:
Dungeon (15/15)            Temple (1/1) D:4            Lair (6/6) D:8
 Shoals (4/4) Lair:3        Snake (4/4) Lair:4        Slime (1/5) Lair:6
    Orc (2/2) D:10            Elf (2/3) Orc:2        Vaults (5/5) D:14
  Crypt (0/3) Vaults:2     Depths (5/5) D:15            Zot (1/5) Depths:5
Ossuary (visited)          Bailey (visited)           IceCv (visited)
Gauntlet (visited)

Altars:
Cheibriados
Elyvilon
Gozag
Hepliaklqana
Kikubaaqudgha
Ru
Uskayaw
Vehumet
Xom
Zin
Lugonu

Shops:
D:4 !   D:10 }   D:12 [   Orc:1 *   Orc:2 =*[(   Shoals:2 ?   Vaults:3 (
Vaults:4 [*?   Vaults:5 !   Depths:1 (   Depths:4 (:(}

Portals:
Hell: Depths:1 Depths:2 Depths:3 Depths:5
Abyss: Depths:1
Pandemonium: Depths:3
Ziggurat: Depths:4

Annotations:
D:15 3 runed translucent doors, Jussuw Iff's ghost, adept KoGl
Snake:2 3 runed translucent doors, Akuuror's ghost, adept GrFi; Mesuenwa's ghost, adept DEWz; Razfen's ghost, adept GnWn
Snake:3 2 transporters, exclusion: downstairs
Orc:2 1 runed translucent door, Awod's ghost, journeyman GrMo
Elf:2 3 runed translucent doors


Innate Abilities, Weirdness & Mutations

You reflexively headbutt those who attack you in melee.
You have a pair of horns on your head.
Your life essence is reduced to manifest your ancestor. (-10% HP)
You are dopey. (Int -2)
You are weak. (Str -2)


Message History

* * * LOW HITPOINT WARNING * * *
There is a staircase back to the Lair here.
The golden eye blinks at you.
You are more confused.
The acid blob spits acid at you.
The splash of acid hits you but does no damage.
You are splashed with acid.
You resist.
* * * LOW HITPOINT WARNING * * *
The eye of devastation gazes at you. The bolt of energy hits you!!
* * * LOW HITPOINT WARNING * * *
In your confused state, you trip and fall back down the stairs.
* * * LOW HITPOINT WARNING * * *
The acid blob spits acid at you. The splash of acid hits you. You resist.
* * * LOW HITPOINT WARNING * * *
You are splashed with acid.
You resist.
* * * LOW HITPOINT WARNING * * *
The acid blob hits you!
You die...

...... .. .
#..... .......
#....##.#. ...
#........ ....
#.......#.....
.......#...#
#.G...G..#
##G@G...#
#...J#.##
##....# ###.##
##


You could see an acid blob, a shining eye, an eye of devastation, an eye of
draining and a golden eye.

Vanquished Creatures
  An ancient lich (Depths:4)
  Mara (Snake:4)
  Vashnia (Snake:2)
  Saint Roka (Orc:2)
  Nikola (Vaults:3)
  A golden dragon (Vaults:5)
  2 electric golems (Zot:1)
  3 tentacled monstrosities
  3 liches
  Jorgrun (Snake:2)
  Asterion (Snake:3)
  An acid blob (Slime:1)
  2 titans (Vaults:5)
  A sphinx (Vaults:5)
  A death cob (Depths:5)
  A quicksilver dragon (Zot:1)
  Agnes (Snake:2)
  3 shadow dragons
  Donald (Shoals:1)
  6 storm dragons
  6 tengu reavers
  Roxanne (Snake:2)
  6 frost giants
  4 nagarajas (Snake:4)
  A draconian scorcher (Depths:5)
  A deep elf sorcerer (Vaults:5)
  4 fire giants
  2 orc warlords
  An iron dragon (Vaults:5)
  Aizul (Snake:2)
  A draconian knight (Vaults:2)
  9 ironheart preservers
  A ghost moth (shapeshifter) (Vaults:5)
  14 vault wardens
  Louise (Snake:4)
  A draconian annihilator (Zot:1)
  A curse skull (Depths:3)
  A caustic shrike skeleton (Depths:3)
  4 spriggan defenders
  10 very ugly things
  2 green draconians
  A juggernaut skeleton (Depths:1)
  18 stone giants
  2 black draconians (Depths:5)
  A war gargoyle (Vaults:5)
  A yellow draconian (Zot:1)
  2 deep elf demonologists
  3 vampire knights (Vaults:2)
  3 red draconians
  3 deep elf annihilators (Vaults:5)
  An entropy weaver (Vaults:2)
  Azrael (Snake:2)
  6 spark wasps
  2 purple draconians (Zot:1)
  2 deep elf death magi (Vaults:5)
  3 merfolk javelineers
  16 ettins
  7 yaktaur captains
  11 ogre magi
  6 fire dragons
  8 merfolk impalers
  6 ice dragons
  A quicksilver dragon skeleton (Depths:3)
  4 great orbs of eyes
  5 hydras
  23 vault guards
  10 rakshasas
  4 spriggan air magi
  6 merfolk avatars
  3 boulder beetles
  3 alligator snapping turtles
  3 deep troll shamans
  6 naga warriors
  6 anacondas
  37 two-headed ogres
  4 merfolk aquamancers
  10 dancing weapons
  8 centaur warriors
  A death scarab (Gauntlet)
  A vampire mage (Depths:1)
  8 spriggan berserkers
  An orc high priest (Orc:2)
  A deep troll earth mage (Depths:5)
  6 tengu warriors
  A soul eater (Depths:3)
  6 shock serpents
  8 hell knights
  13 naga sharpshooters
  9 deep elf knights
  2 iron trolls (Depths:2)
  A fire crab (shapeshifter) (D:13)
  10 skeletal warriors (Depths:3)
  A shadow wraith (Vaults:5)
  10 sea snakes
  2 salamander mystics
  An unseen horror (Vaults:1)
  A golden dragon zombie (Depths:1)
  An unseen horror (shapeshifter) (Vaults:2)
  A sea snake (shapeshifter) (Vaults:5)
  5 deep elf archers
  2 flayed ghosts
  A spectral hydra (Gauntlet)
  8 deep trolls
  5 naga ritualists
  3 wizards
  2 golden dragon skeletons (Depths:3)
  2 glowing orange brains (shapeshifter)
  6 ironbrand convokers
  3 phantasmal warriors
  11 orc knights
  24 harpies
  17 deep elf magi
  2 orb spiders (shapeshifter)
  A shadow dragon zombie (Vaults:4)
  4 tengu skeletons (Depths:3)
  A wolf spider (Vaults:1)
  A shining eye (shapeshifter) (Depths:3)
  8 necromancers
  11 mana vipers
  27 ugly things
  5 orc sorcerers
  8 salamanders
  A cyclops (shapeshifter) (Vaults:1)
  2 iron dragon skeletons (Depths:3)
  8 manticores
  6 fauns
  12 cyclopes
  3 moths of wrath
  3 sphinx skeletons (Depths:3)
  3 centaur zombies
  3 frost giant skeletons (Depths:3)
  A fire giant skeleton (Depths:3)
  30 black mambas
  13 vault sentinels
  3 merfolk sirens
  10 elephants
  A guardian serpent (Snake:2)
  6 centaur skeletons
  A torpor snail (Lair:5)
  13 naga magi
  2 spriggan skeletons (Depths:3)
  8 cane toads
  2 water nymphs
  Maggie (D:9)
  A storm dragon simulacrum (Vaults:4)
  11 komodo dragons
  4 rime drakes
  2 efreet
  6 freezing wraiths
  3 kobold demonologists
  A komodo dragon (shapeshifter) (Vaults:3)
  22 yaktaurs
  9 tengu conjurers
  2 trolls (shapeshifter)
  3 polar bears
  A meliai (shapeshifter) (Vaults:4)
  A queen bee (D:13)
  5 trolls
  23 merfolk
  A meliai (D:13)
  16 hornets
  10 wind drakes
  16 slime creatures
  17 blink frogs
  A stone giant simulacrum (Vaults:4)
  12 snapping turtles
  A human simulacrum (Vaults:2)
  21 flying skulls
  Sigmund (D:6)
  An air elemental (Elf:2)
  A spriggan (shapeshifter) (Depths:5)
  4 spriggans (Depths:3)
  A redback (Vaults:2)
  8 water elementals
  2 basilisks (shapeshifter) (Vaults:1)
  A vampire (D:15)
  2 humans (shapeshifter)
  21 yaks
  3 wraiths
  7 wyverns
  6 fire elementals
  2 golden eyes (shapeshifter)
  2 steam dragons (Lair:4)
  2 elf skeletons (Depths:3)
  4 wargs
  26 nagas
  An acid dragon (D:15)
  2 human skeletons (Depths:3)
  12 water moccasins
  36 orc warriors
  A soldier ant (D:14)
  4 hell hounds (Snake:2)
  A sky beast (shapeshifter) (Vaults:2)
  15 ice beasts
  A black bear (D:8)
  4 sky beasts
  2 phantoms (D:8)
  4 necrophages
  22 ogres
  24 wolves
  5 boggarts
  10 centaurs
  3 big kobolds
  26 bullfrogs
  A wyvern zombie (D:6)
  A gnoll sergeant (D:11)
  An earth elemental (Elf:1)
  A wyvern skeleton (D:10)
  A water moccasin skeleton (D:11)
  3 scorpions
  16 killer bees
  7 wights
  An electric eel (D:11)
  4 howler monkeys
  A bullfrog zombie (D:10)
  A crimson imp (Depths:3)
  A quasit (D:11)
  6 hounds
  5 jellies
  12 orc wizards
  2 gnoll shamans (Orc:2)
  14 orc priests
  A human zombie (Ossuary)
  3 bullfrog skeletons
  2 iguanas
  Ijyb (D:3)
  9 worker ants
  A yak simulacrum (Lair:3)
  3 polar bear simulacra (Lair:3)
  3 wolf simulacra (Lair:3)
  2 big kobold zombies (Ossuary)
  A hound skeleton (D:4)
  2 mummies (Ossuary)
  A howler monkey zombie (D:10)
  10 adders
  19 gnolls
  3 worker ant zombies
  2 white imps
  An ooze (D:5)
  An adder skeleton (D:4)
  An adder zombie (Ossuary)
  3 worms
  3 dart slugs
  3 leopard geckos
  68 orcs
  8 bats
  5 giant cockroaches
  13 goblins
  13 hobgoblins
  14 jackals
  3 quokkas
  A quokka (shapeshifter) (Vaults:5)
  A ball python (D:4)
  5 frilled lizards
  7 hobgoblin zombies (Ossuary)
  4 jackal zombies
  25 kobolds
  7 kobold zombies (Ossuary)
  A leopard gecko skeleton (D:4)
  7 orc zombies (Ossuary)
  11 rats
  A rat zombie (Ossuary)
  2 river rat simulacra (Lair:3)
  A plant (Lair:4)
1521 creatures vanquished.

Vanquished Creatures (collateral kills)
  An ancient lich (Vaults:5)
  3 golden dragons
  2 electric golems
  A sphinx (Depths:4)
  3 tengu reavers
  4 shadow dragons
  2 nagarajas (Snake:4)
  An iron dragon (Depths:4)
  2 fire giants (Depths:4)
  3 frost giants (Depths:4)
  3 vault wardens
  A curse skull (Depths:3)
  A draconian shifter (Depths:5)
  A deep elf elementalist (Depths:4)
  3 spriggan defenders
  2 stone giants (Depths:4)
  3 very ugly things
  A black draconian (Depths:5)
  A vampire knight (Depths:4)
  A deep elf demonologist (Vaults:2)
  A green draconian (Depths:5)
  2 spark wasps
  A minotaur (Gauntlet)
  A white draconian (Depths:5)
  2 merfolk javelineers (Shoals:4)
  A merfolk impaler (Shoals:4)
  5 ettins
  A fire dragon (shapeshifter) (Depths:4)
  A deep elf high priest (Vaults:5)
  3 yaktaur captains
  A fire dragon (Depths:4)
  3 ogre magi
  A great orb of eyes (Depths:1)
  10 vault guards
  5 ice dragons
  2 rakshasas
  6 naga warriors
  A boulder beetle (Vaults:3)
  A hydra (Lair:4)
  A spriggan air mage (Depths:4)
  2 death knights
  2 merfolk aquamancers (Shoals:4)
  2 merfolk avatars (Shoals:4)
  6 two-headed ogres
  An anaconda (shapeshifter) (Vaults:5)
  An anaconda (Snake:4)
  3 centaur warriors
  4 deep troll earth magi
  A deep troll shaman (Depths:2)
  3 naga sharpshooters
  A shock serpent (Snake:3)
  A spriggan berserker (Depths:2)
  A tengu warrior (Depths:2)
  3 deep elf knights
  A fire crab (shapeshifter) (Vaults:3)
  3 hell knights
  A salamander mystic (Snake:3)
  A sea snake (Shoals:4)
  2 skeletal warriors
  3 unseen horrors
  2 glowing orange brains
  2 wizards
  A glowing orange brain (shapeshifter) (Vaults:5)
  3 naga ritualists
  2 deep trolls (Vaults:5)
  4 ironbrand convokers
  5 harpies
  A kraken simulacrum (Shoals:4)
  A phantasmal warrior (Vaults:5)
  3 necromancers
  A deep elf archer (Vaults:5)
  3 orc knights
  5 mana vipers
  2 orc sorcerers
  2 cyclopes
  3 manticores (Shoals:4)
  5 deep elf magi
  A shining eye (Slime:1)
  8 ugly things
  4 slime creatures
  4 fauns
  4 salamanders
  A manticore (shapeshifter) (Depths:2)
  2 merfolk sirens (Shoals:4)
  An iron dragon skeleton (Depths:1)
  A frost giant skeleton (Vaults:4)
  3 water nymphs (Shoals:4)
  4 vault sentinels
  5 naga magi (Snake:4)
  3 elephants
  2 ice statues (IceCv)
  11 black mambas
  A rime drake (Lair:6)
  A cane toad (Lair:5)
  4 centaur skeletons
  A freezing wraith (Vaults:4)
  6 yaktaurs
  A komodo dragon (Lair:2)
  2 meliai (D:13)
  12 merfolk
  A tengu conjurer (Depths:4)
  2 trolls
  2 trolls (shapeshifter)
  A raiju (shapeshifter) (Vaults:4)
  2 blink frogs (Lair:6)
  8 hornets
  A snapping turtle (Shoals:4)
  A centaur simulacrum (D:15)
  A flying skull (Gauntlet)
  7 water elementals
  A spriggan (shapeshifter) (D:13)
  A wyvern (Lair:6)
  2 spriggans
  A basilisk (Lair:3)
  6 yaks
  2 golden eyes (Slime:1)
  Grum (D:9)
  14 nagas
  4 wargs
  A soldier ant (D:13)
  2 water moccasins (Lair:6)
  A swamp drake (D:10)
  A hell hound (Depths:3)
  4 orc warriors
  3 phantoms
  3 ice beasts (IceCv)
  3 sky beasts
  3 centaurs
  A wolf (Lair:5)
  9 ogres
  2 boggarts
  4 bullfrogs
  A scorpion (D:12)
  7 killer bees (D:13)
  6 wights
  An electric eel (Lair:5)
  A crimson imp (Depths:3)
  3 orc priests
  2 jellies
  A gnoll shaman (D:7)
  2 hounds
  8 orc wizards
  4 iguanas
  A yak simulacrum (Lair:3)
  A polar bear simulacrum (Lair:3)
  A worker ant (D:4)
  A mummy (D:7)
  A worker ant zombie (D:5)
  5 gnolls
  An adder (D:12)
  An ufetubus (D:8)
  2 adder zombies
  4 worms (D:11)
  3 leopard geckos
  35 orcs
  3 giant cockroaches
  A goblin (Bailey)
  A hobgoblin (Bailey)
  14 kobolds
  A hobgoblin zombie (Ossuary)
  A jackal zombie (D:7)
  A kobold zombie (Ossuary)
  4 orc zombies (Ossuary)
470 creatures vanquished.

Vanquished Creatures (others)
  A yaktaur captain (Vaults:5)
  A deep elf high priest (Vaults:5)
  A deep elf archer (Vaults:2)
  A wizard (Depths:3)
  A deep elf mage (Vaults:5)
  A harpy (Shoals:4)
  A black mamba (Snake:3)
  A naga mage (Snake:4)
  A yaktaur (Depths:3)
  A spriggan (Depths:5)
  A naga (Snake:4)
  2 centaurs (Depths:2)
  A boggart (Depths:2)
  A hound (D:5)
  13 knights
  2 ancestors (D:5)
  An orc (Vaults:5)
  2 bushes (Lair:4)
  86 fungi
  191 plants
  8 tentacles
  11 withered plants
329 creatures vanquished.

Grand Total: 2320 creatures vanquished

Notes
Turn   | Place    | Note
-------+----------+-------------------------------------------
     0 | D:1      | dolemite99 the Minotaur Fighter began the quest for the
                  | Orb.
     0 | D:1      | Reached XP level 1. HP: 19/19 MP: 0/0
    43 | D:1      | Reached XP level 2. HP: 26/26 MP: 1/1
   741 | D:1      | Reached XP level 3. HP: 31/31 MP: 2/2
   962 | D:2      | Reached skill level 5 in Maces & Flails
   964 | D:2      | Reached XP level 4. HP: 9/39 MP: 3/3
  1306 | D:2      | Noticed an orc warrior
  1319 | D:2      | Killed an orc warrior
  1320 | D:2      | Reached XP level 5. HP: 10/45 MP: 4/4
  2025 | D:2      | You fall into a shaft and drop 1 floor!
  2048 | D:3      | Found a shimmering altar of Xom.
  2480 | D:3      | Noticed Ijyb
  2491 | D:3      | Killed Ijyb
  2492 | D:3      | Reached XP level 6. HP: 51/51 MP: 5/5
  3544 | D:4      | Found a staircase to the Ecumenical Temple.
  3589 | Temple   | Entered the Ecumenical Temple
  3594 | Temple   | Became a worshipper of Hepliaklqana the Forgotten
  4002 | D:4      | Found Utarac's Distillery.
  4005 | D:4      | Bought a potion of curing for 33 gold pieces
  4005 | D:4      | Bought a potion of might for 44 gold pieces
  4005 | D:4      | Bought a potion of curing for 33 gold pieces
  4010 | D:4      | Reached XP level 7. HP: 50/51 MP: 6/6
  4384 | D:4      | Reached * piety under Hepliaklqana
  4455 | D:5      | Entered Level 5 of the Dungeon
  4858 | D:4      | Reached skill level 10 in Maces & Flails
  5017 | D:5      | Found a sand-covered staircase.
  5024 | Ossuary  | Entered an ossuary
  5537 | D:5      | Reached XP level 8. HP: 35/59 MP: 7/7
  5774 | D:5      | Noticed a two-headed ogre
  5786 | D:5      | Killed a two-headed ogre
  5787 | D:5      | Reached skill level 5 in Fighting
  5787 | D:5      | Reached skill level 5 in Armour
  5787 | D:5      | Reached skill level 5 in Shields
  6397 | D:5      | Reached ** piety under Hepliaklqana
  6398 | D:5      | Remembered your ancestor Ramose as a knight
  6600 | D:6      | Reached XP level 9. HP: 63/66 MP: 8/8
  6613 | D:6      | Noticed Sigmund
  6622 | D:6      | Killed Sigmund
  7551 | D:7      | Reached *** piety under Hepliaklqana
  8677 | D:8      | Reached XP level 10. HP: 81/81 MP: 9/9
  8980 | D:8      | Found a staircase to the Lair.
  9124 | D:8      | Reached **** piety under Hepliaklqana
  9476 | D:9      | Identified a scroll of acquirement
  9476 | D:9      | Acquired a +2 demon whip of electrocution
  9506 | D:9      | Noticed Grum
  9524 | D:9      | Killed Grum
  9600 | D:9      | Found a flagged portal.
  9609 | Bailey   | Entered a bailey
  9614 | Bailey   | Noticed an orc warlord
  9704 | Bailey   | Found a runed translucent gate.
  9706 | Bailey   | Found a runed translucent gate.
  9707 | Bailey   | Found a runed translucent gate.
  9760 | Bailey   | Killed an orc warlord
  9761 | Bailey   | Reached skill level 10 in Fighting
  9761 | Bailey   | Reached skill level 10 in Armour
  9761 | Bailey   | Reached skill level 10 in Shields
  9776 | Bailey   | Reached XP level 11. HP: 60/93 MP: 10/10
  9785 | Bailey   | Reached XP level 12. HP: 68/101 MP: 11/11
 10233 | D:9      | Noticed Maggie
 10244 | D:9      | Killed Maggie
 10649 | D:10     | Entered Level 10 of the Dungeon
 10967 | D:10     | Reached XP level 13. HP: 109/109 MP: 12/12
 11335 | D:10     | Reached ***** piety under Hepliaklqana
 11419 | D:10     | Found Qowejal's Gadget Emporium.
 11430 | D:10     | Bought a wand of acid (9) for 286 gold pieces
 11430 | D:10     | Bought a wand of enslavement (8) for 110 gold pieces
 11447 | D:10     | Bought a wand of enslavement (9) for 121 gold pieces
 11559 | D:10     | Reached skill level 1 in Invocations
 11559 | D:10     | Reached skill level 1 in Evocations
 11693 | D:10     | Found a staircase to the Orcish Mines.
 12434 | Lair:1   | Entered Level 1 of the Lair of Beasts
 12582 | Lair:1   | You fall into a shaft and drop 1 floor!
 13960 | Lair:2   | Reached skill level 5 in Invocations
 15463 | Lair:3   | Reached skill level 5 in Evocations
 15566 | Lair:3   | Found a gate leading to a gauntlet.
 15732 | Gauntlet | Entered a Gauntlet
 15732 | Gauntlet | Found a transporter.
 15732 | Gauntlet | Found a transporter.
 15735 | Gauntlet | Found a transporter.
 15738 | Gauntlet | Found a transporter.
 15739 | Gauntlet | Found a transporter.
 15739 | Gauntlet | Found a transporter.
 15766 | Gauntlet | Found a transporter.
 15770 | Gauntlet | Found a transporter.
 15778 | Gauntlet | Found a transporter.
 15794 | Gauntlet | Found a transporter.
 15808 | Gauntlet | Found a transporter.
 15812 | Gauntlet | Found a transporter.
 15998 | Gauntlet | Identified the +7 hunting sling of the Lesser Evil {venom,
                  | rPois rF- Dex+3} (You found it in a Gauntlet)
 16220 | Gauntlet | Noticed a minotaur
 16226 | Gauntlet | Killed a minotaur
 16415 | Gauntlet | Identified Odovor's Papyrus of the Glacier
 16415 | Gauntlet | Identified A Primer on Witchcraft
 16426 | Gauntlet | Got a pair of polished boots
 16437 | Gauntlet | Identified the -1 pair of boots of Vymuokle {Regen+} (You
                  | found it in a Gauntlet)
 16776 | Lair:3   | Found a staircase to the Shoals.
 17438 | Lair:4   | Reached XP level 14. HP: 93/116 MP: 14/18
 17598 | Lair:4   | Got a twisted cloak
 17607 | Lair:4   | Identified the +1 cloak the Blue Komodo Dragon {rC+ Slay+3}
                  | (You found it on level 4 of the Lair of Beasts)
 17723 | Lair:4   | Found a staircase to the Snake Pit.
 17911 | Lair:4   | Reached ****** piety under Hepliaklqana
 18398 | Lair:5   | Found a snail-covered altar of Cheibriados.
 19114 | Lair:6   | Entered Level 6 of the Lair of Beasts
 19298 | Lair:6   | Reached skill level 15 in Fighting
 19298 | Lair:6   | Reached skill level 15 in Armour
 19705 | Lair:6   | Found a staircase to the Slime Pits.
 21155 | D:11     | Reached skill level 15 in Shields
 21155 | D:11     | Reached XP level 15. HP: 128/128 MP: 19/19
 21748 | D:12     | Identified the +7 rapier "Wuisku" {vorpal, +Rage Int+4
                  | Dex+4}
 21878 | D:12     | Found Suucvel's Antique Armour Boutique.
 21900 | D:12     | Bought a runed tower shield for 240 gold pieces
 22344 | Orc:1    | Entered Level 1 of the Orcish Mines
 22349 | Orc:1    | Reached XP level 16. HP: 135/135 MP: 20/20
 22409 | Orc:2    | Entered Level 2 of the Orcish Mines
 22411 | Orc:2    | Found Esumal's Antique Armour Shoppe.
 22416 | Orc:2    | Noticed Saint Roka
 23227 | D:13     | Acquired the +1 pair of boots of Doera {Dex+2 Slay+5}
 23588 | D:14     | Found a snail-covered altar of Cheibriados.
 23747 | D:14     | Found a gate to the Vaults.
 23938 | D:14     | Found a frozen archway.
 23951 | D:14     | Reached skill level 1 in Throwing
 23962 | IceCv    | Entered an ice cave
 23978 | IceCv    | Found a transporter.
 24022 | IceCv    | Found a transporter.
 24042 | IceCv    | Got a smoking granite ring
 24043 | IceCv    | Identified the ring of Levity {rN+ MP+9 Int+6 Dex+2} (You
                  | found it in an ice cave)
 24269 | D:14     | Acquired 757 gold pieces
 24276 | D:14     | Acquired a manual of Shields
 24658 | D:15     | Entered Level 15 of the Dungeon
 24668 | D:15     | Found a runed translucent gate.
 24668 | D:15     | Found a runed translucent gate.
 24668 | D:15     | Found a runed translucent gate.
 24669 | D:15     | Noticed Jussuw Iff's ghost (adept KoGl)
 24714 | D:15     | Found an opulent altar of Gozag.
 25166 | D:15     | Paralysed by an orc sorcerer for 3 turns
 25196 | D:15     | Found a staircase to the Depths.
 25499 | Orc:2    | Found a runed translucent door.
 25499 | Orc:2    | Found a shimmering altar of Xom.
 25499 | Orc:2    | Noticed Awod's ghost (journeyman GrMo)
 25573 | Orc:1    | Found Ceoner's Assorted Antiques.
 25757 | Orc:1    | Bought 2 potions of heal wounds for 260 gold pieces
 25757 | Orc:1    | Bought a scroll of fog for 52 gold pieces
 25757 | Orc:1    | Bought a potion of curing for 78 gold pieces
 25757 | Orc:1    | Bought a shiny granite ring for 130 gold pieces
 26139 | Orc:2    | Killed Saint Roka
 26515 | Orc:2    | Found Patikitu's General Store.
 26822 | Orc:2    | Found a staircase to the Elven Halls.
 26924 | Orc:2    | Found Osaruas's Antique Weapon Shoppe.
 27217 | Orc:2    | Found Baromm's Jewellery Boutique.
 27225 | Orc:2    | Bought an uncursed ring of protection from cold for 350
                  | gold pieces
 27228 | Orc:2    | Bought an uncursed ring of see invisible for 210 gold
                  | pieces
 27477 | D:10     | Bought a phial of floods for 440 gold pieces
 27477 | D:10     | Bought a phial of floods for 440 gold pieces
 27574 | Orc:2    | Bought 2 potions of curing for 78 gold pieces
 27782 | Snake:1  | Entered Level 1 of the Snake Pit
 27809 | Snake:1  | Reached XP level 17. HP: 129/142 MP: 16/21
 28624 | Snake:2  | Reached skill level 5 in Throwing
 29111 | Snake:2  | Found a sacrificial altar of Ru.
 29159 | Snake:2  | Noticed Aizul
 29167 | Snake:2  | Killed Aizul
 29181 | Snake:2  | Noticed Jorgrun
 29192 | Snake:2  | Killed Jorgrun
 29521 | Snake:2  | Noticed Agnes
 29531 | Snake:2  | Killed Agnes
 29677 | Snake:2  | Noticed Vashnia
 29691 | Snake:2  | Killed Vashnia
 30062 | Snake:2  | Found a runed translucent gate.
 30063 | Snake:2  | Found a runed translucent gate.
 30064 | Snake:2  | Found a runed translucent gate.
 30065 | Snake:2  | Noticed Akuuror's ghost (adept GrFi)
 30065 | Snake:2  | Noticed Mesuenwa's ghost (adept DEWz)
 30065 | Snake:2  | Noticed Razfen's ghost (adept GnWn)
 30267 | Snake:2  | Noticed Azrael
 30275 | Snake:2  | Killed Azrael
 30296 | Snake:2  | Noticed Roxanne
 30382 | Snake:2  | Killed Roxanne
 30566 | Snake:3  | Found a flickering gateway to a bazaar.
 30571 | Bazaar   | Entered a bazaar
 30577 | Bazaar   | Found Puwoilla's Magic Scroll Emporium.
 30577 | Bazaar   | Found Diets's Jewellery Shoppe.
 30604 | Bazaar   | Bought a scroll of silence for 142 gold pieces
 30604 | Bazaar   | Bought a scroll of teleportation for 57 gold pieces
 30614 | Bazaar   | Bought a scroll of identify for 38 gold pieces
 30614 | Bazaar   | Bought a scroll of identify for 38 gold pieces
 30614 | Bazaar   | Bought a scroll of identify for 38 gold pieces
 31137 | Snake:3  | Noticed Asterion
 31153 | Snake:3  | Killed Asterion
 31600 | Snake:3  | Found a transporter.
 31601 | Snake:3  | Identified the ring of Jaymiz {*Contam rElec MP+9 Str+2
                  | Dex+4}
 31615 | Snake:3  | Found a transporter.
 31801 | Snake:4  | Entered Level 4 of the Snake Pit
 31801 | Snake:4  | Noticed Mara
 31844 | Snake:4  | Noticed dolemite99's illusion
 31861 | Snake:4  | Killed Mara
 31862 | Snake:4  | Reached XP level 18. HP: 111/152 MP: 17/24
 32415 | Snake:4  | Noticed Louise
 32426 | Snake:4  | Killed Louise
 32565 | Snake:4  | Reached skill level 10 in Invocations
 33076 | Snake:4  | Reached skill level 10 in Evocations
 33819 | Snake:4  | Got a serpentine rune of Zot
 34183 | Orc:2    | Bought a pair of glowing gloves for 217 gold pieces
 34368 | Shoals:1 | Entered Level 1 of the Shoals
 34658 | Shoals:1 | Noticed Donald
 34668 | Shoals:1 | Killed Donald
 35494 | Shoals:2 | Found Besmeroh's Magic Scroll Shop.
 35601 | Shoals:2 | Bought a scroll of fog for 20 gold pieces
 35601 | Shoals:2 | Bought a scroll of teleportation for 30 gold pieces
 35601 | Shoals:2 | Bought a scroll of holy word for 75 gold pieces
 35601 | Shoals:2 | Bought a scroll of enchant weapon for 75 gold pieces
 35601 | Shoals:2 | Bought a scroll of identify for 20 gold pieces
 36411 | Shoals:3 | Reached XP level 19. HP: 159/159 MP: 26/26
 36887 | Shoals:4 | Entered Level 4 of the Shoals
 36965 | Shoals:4 | Reached skill level 10 in Throwing
 37462 | Shoals:4 | Identified the cursed +3 flail of Inconvenience {vorpal,
                  | +Inv +Fly rN+}
 38290 | Shoals:4 | Got a barnacled rune of Zot
 38662 | Vaults:1 | Entered Level 1 of the Vaults
 38665 | Vaults:1 | Identified the cursed -4 cloak "Bedasoet" {MP+9 Stlth+}
                  | (You found it on level 1 of the Vaults)
 40700 | Vaults:2 | Identified the Disquisition on the Twisted Glacier
 40885 | Vaults:2 | Noticed a lich
 40892 | Vaults:2 | Reached XP level 20. HP: 95/171 MP: 22/27
 41673 | Vaults:2 | Found a staircase to the Crypt.
 42006 | Vaults:3 | Found Imucam's Weapon Boutique.
 42156 | Vaults:3 | Identified the +2 pair of gloves of Jarryg {Harm rN+ MP+9
                  | Int-3}
 42156 | Vaults:3 | Noticed Nikola
 42168 | Vaults:3 | Killed Nikola
 44153 | Vaults:4 | Paralysed by an ogre mage for 7 turns
 44191 | Vaults:4 | Found Numijoho's Assorted Antiques.
 44786 | Vaults:4 | Found Ryiczat's Magic Scroll Boutique.
 44805 | Vaults:4 | Bought a scroll of immolation for 63 gold pieces
 44805 | Vaults:4 | Bought a scroll of summoning for 171 gold pieces
 44805 | Vaults:4 | Bought a scroll of fog for 36 gold pieces
 44805 | Vaults:4 | Bought 2 scrolls of teleportation for 108 gold pieces
 44805 | Vaults:4 | Bought a scroll of teleportation for 54 gold pieces
 44963 | Vaults:4 | Found Idarurph's Armour Emporium.
 45704 | Elf:1    | Entered Level 1 of the Elven Halls
 45786 | Elf:1    | Found an ancient bone altar of Kikubaaqudgha.
 46683 | Elf:2    | Reached XP level 21. HP: 181/181 MP: 28/28
 46823 | Elf:2    | Gained mutation: You are dopey. (Int -2) [a neqoxec]
 46827 | Elf:2    | Gained mutation: You are weak. (Str -2) [a neqoxec]
 46910 | Elf:2    | Found a runed translucent gate.
 46910 | Elf:2    | Found a runed translucent gate.
 46920 | Elf:2    | Found a runed translucent gate.
 47403 | Depths:1 | Entered Level 1 of the Depths
 48103 | Depths:1 | Found a gateway to Hell.
 48168 | Depths:1 | Reached skill level 15 in Throwing
 48247 | Depths:1 | Found Meummuol's Antique Weapon Boutique.
 48528 | Depths:1 | Bought a pitted morningstar for 216 gold pieces
 48528 | Depths:1 | Identified the +11 morningstar "Couniz" {vorpal, Int+4
                  | Dex+4} (You bought it in a shop on level 1 of the Depths)
 48888 | Depths:1 | Found a corrupted altar of Lugonu.
 48888 | Depths:1 | Found a one-way gate to the infinite horrors of the Abyss.
 49762 | Depths:2 | Reached XP level 22. HP: 130/189 MP: 23/30
 50645 | Depths:2 | You fall into a shaft and drop 1 floor!
 51209 | Depths:3 | Identified the amulet of Vuobrua {RegenMP +Fly rPois Dex-2}
                  | (You found it on level 3 of the Depths)
 51472 | Depths:3 | Found a one-way gate leading to the halls of Pandemonium.
 52205 | Depths:3 | Identified the Compendium of Cloudy Flames
 54611 | Depths:4 | Identified the amulet of Lucidity {Acrobat +Blink rF+ Will-
                  | Int+2}
 54895 | Depths:4 | Noticed a golden dragon
 54906 | Depths:4 | Killed a golden dragon
 54916 | Depths:4 | Reached XP level 23. HP: 118/201 MP: 22/31
 55589 | Depths:4 | Paralysed by a sphinx for 4 turns
 55636 | Depths:4 | Identified the Tome of Execration
 55684 | Depths:4 | You fall into a shaft and drop 1 floor!
 55684 | Depths:5 | Entered Level 5 of the Depths
 56676 | Depths:5 | Found a gate to the Realm of Zot.
 58101 | Depths:4 | Noticed an ancient lich
 58102 | Depths:4 | Found a gateway to a ziggurat.
 58423 | Depths:4 | Killed an ancient lich
 58594 | Depths:4 | Found Usao's Book Boutique.
 58597 | Depths:4 | Found Fasac's Gadget Shop.
 58597 | Depths:4 | Found Ybraraydat's Antique Weapon Boutique.
 58603 | Depths:4 | Found Qukkunus's Weapon Shop.
 58637 | Depths:4 | Bought a wand of acid (9) for 364 gold pieces
 58882 | D:10     | Bought a box of beasts for 440 gold pieces
 59419 | Vaults:5 | Entered Level 5 of the Vaults
 59420 | Vaults:5 | Found Ushatta's Distillery.
 59434 | Vaults:5 | Noticed an ancient lich
 59444 | Vaults:5 | Identified Jiemmypt's Almanac of the Hurtful Compass
 59630 | Vaults:5 | Identified the +3 leather armour "Jostrara" {rN++ Will+
                  | Regen+ Dex-2}
 59708 | Vaults:5 | Got a silver rune of Zot
 60061 | Vaults:5 | Killed an ancient lich
 60220 | Vaults:5 | Identified the +11 broad axe of the Vase {vorpal, rPois
                  | Dex+4 SInv}
 60262 | Vaults:5 | Reached skill level 1 in Axes
 60365 | Vaults:5 | Reached XP level 24. HP: 201/211 MP: 31/31
 60415 | Vaults:5 | Reached skill level 5 in Axes
 60821 | Vaults:5 | Reached skill level 10 in Axes
 62058 | Zot:1    | Entered Level 1 of the Realm of Zot
 64961 | Slime:1  | Entered Level 1 of the Pits of Slime
 64983 | Slime:1  | Slain by an acid blob

Illustrated notes

Levels and vault maps discovered:
D:1:      dpeg_arrival_ternary, layout_loops_cross
D:2:      layout_basic, chequers_serial_rivers_micro_d
D:3:      layout_loops_cross, lemuel_crystal_altar, uniq_ijyb
D:4:      layout_gridville, minmay_temple_entry_mini_moons, serial_shops,
          kennysheep_mini, hangedman_decor_clover_reticule,
          minmay_close_crescents
D:5:      layout_cave_pools, chequers_ossuary_entry_cave
D:6:      layout_cave_pods, st_stairs_6, uniq_sigmund
D:7:      layout_loops_ring, serial_undead, serial_undead_f, serial_undead_a,
          serial_undead_e, serial_undead_b
D:8:      layout_loops_cross, due_lair_maze_entry_diamond
D:9:      kennysheep_ambush_hall, layout_basic, enter_bailey_2, uniq_maggie,
          uniq_grum
D:10:     layout_layer_cave, erik_orc_1, serial_shops, shop
D:11:     layout_stronghold, hive_lemuel
D:12:     layout_long_grid, serial_shops, shop
D:13:     layout_roguey [special_room_bee], item_on_display_a
D:14:     layout_cave_pods, lightli_vaults_fourway_checkpoint,
          portal_ice_cave_entry_ice_beasts, cheibriados_altar_1
D:15:     grunt_enter_depths_magical_seal, layout_cave_pools,
          small_statue_intersection, gammafunk_ghost_necromancy,
          lemuel_altar_in_water
Temple:   nicolae_temple_the_god_donut
Lair:1:   layout_misc_corridors, st_stairs_10, chequers_serial_rivers_room_b
Lair:2:   layout_layer_cave
Lair:3:   layout_loops_ring, elwin_shoals_entry_rooms, gauntlet_entry_generic,
          eino_house_with_fridge, infiniplex_staircase_pool_2
Lair:4:   layout_regular_city, minmay_snake_entry_guardpost_medium,
          serial_forest, infiniplex_forest_corner_1, infiniplex_forest_pool,
          infiniplex_forest_fountain, infiniplex_forest_end_3,
          infiniplex_forest_lined_2, infiniplex_forest_clump_double,
          infiniplex_forest_straight_3
Lair:5:   layout_regular_city, serial_rivers, chequers_serial_rivers_large_b,
          chequers_serial_rivers_micro_d, chequers_serial_rivers_small_a,
          chequers_serial_rivers_small_b, chequers_serial_rivers_room_a,
          kennysheep_snail_temple, serial_bayou_shore_a, serial_bayou_shore_b
Lair:6:   gammafunk_lair_ancient_temple, layout_regular_city, slime_dummy
Shoals:1: layout_shoals, uniq_donald
Shoals:2: layout_shoals, serial_shops, shop
Shoals:3: layout_shoals
Shoals:4: shoals_end_grunt_ice, layout_shoals, serial_shops,
          nicolae_shop_statue_plus, nicolae_shoals_hunting_party
Snake:1:  layout_onion_interference
Snake:2:  layout_cave_town, basic_altar, gammafunk_ghost_cemetery, uniq_aizul,
          uniq_azrael, uniq_vashnia, uniq_roxanne, uniq_jorgrun, uniq_agnes
Snake:3:  gammafunk_the_bubble [the_bubble_gammafunk_crates], layout_gridlike,
          serial_shops, bzr_entry_road, uniq_asterion
Snake:4:  snake_pit, layout_onion, lemuel_fruit_tree, uniq_mara, uniq_louise
Slime:1:  layout_caves
Orc:1:    layout_diamond_mine, serial_shops, shop_statue
Orc:2:    grunt_orc_gardens, layout_caves, grunt_orc_garden, grunt_orc_garden,
          grunt_orc_garden, grunt_orc_garden, ebering_ghost_xom, uniq_saint_roka
Elf:1:    layout_loops_cross, basic_altar
Elf:2:    layout_onion_city
Vaults:1: v_rooms_5, ontoclasm_vaults_ligature, v_misc_10,
          nicolae_vaults_gold_heap, v_misc_22, hangedman_vaults_unwind,
          nicolae_vaults_ninety_degrees, nicolae_vaults_little_squares_5,
          st_cross, nicolae_vaults_diagonal_hallway_9,
          ontoclasm_vaults_misaligned, ontoclasm_vaults_twist, v_misc_23,
          dpeg_vaults_monster_row, serial_ice_g, layout_vaults_ring
Vaults:2: minmay_crypt_entry_simple_box, v_misc_33, v_pattern_4,
          vaults_mumra_chevron_long, nicolae_vaults_theta, sword_in_stone,
          layout_vaults_chaotic_city
Vaults:3: ontoclasm_vaults_ring_large, ontoclasm_vaults_idyll,
          nicolae_vaults_inception_corners, v_pattern_5, serial_ice_h,
          v_misc_28, nicolae_vaults_display_case, vaults_dpeg_ring,
          layout_vaults_omnigrid, serial_shops, nicolae_shop_waterfront,
          uniq_nikola
Vaults:4: ontoclasm_vaults_claustrophobia, hangedman_vaults_snaps,
          nicolae_vaults_puzzle_piece, v_rooms_6, v_misc_30, v_misc_24,
          nicolae_vaults_network_barrier, v_misc_18, vaults_room_pool,
          st_diamondy, nicolae_vaults_ring_of_whatevers, layout_vaults_maze,
          serial_shops, shop, shop_coins, shop
Vaults:5
Depths:1: layout_roguey, mu_enter_wizlab_3, serial_shops,
          nicolae_shop_waterfront, hangedman_decor_slide_cut, hell_entry,
          abyss_entry_flame_altar, minmay_misc_feat_more_columns, drop_trap,
          chequers_serial_rivers_marsh, minivault_16, wad_mini_maze
Depths:2: minmay_diamond_stairs, layout_gridville, minivault_14, hell_entry,
          infiniplex_staircase_zigzag_4, grunt_megastairs_5,
          serial_bayou_shore_b
Depths:3: minmay_skeleton_keep, layout_cave_shapes, hellmouth_1, pan_entry,
          minivault_11, infiniplex_staircase_zigzag_1, grunt_megastairs_2
Depths:4: minmay_complete_graph, layout_gridville, enter_ziggurat_c, hell_entry,
          abyss_entry, serial_bayou_shore_b, minmay_shoptagon
Depths:5: evilmike_zot_entry_basic, layout_gridlike, nrook_uturn, hell_entry,
          nrook_mini_vaults, kennysheep_random_hallway
Zot:1:    layout_misc_corridors

Skill      XL: |  1  2  3  4  5  6  7  8  9 10 11 12 13 14 15 16 17 18 19 20 21 22 23 24 |
---------------+-------------------------------------------------------------------------+-----
Maces & Flails | 3 4 5 6 7 9 11 | 11.0
Fighting       | 6 8 11 12 13 15 16 17 19 20 22 23 | 23.2
Armour         | 6 8 11 12 13 15 16 17 18 20 23 | 23.0
Shields        | 6 8 11 12 13 15 21 22 23 | 23.5
Invocations    | 7 9 11 12 13 | 13.0
Evocations     | 6 8 10 11 12 | 12.0
Throwing       | 4 8 9 11 13 16 | 16.0
Axes           | 3 14 | 14.4

Action                   |  1- 3 |  4- 6 |  7- 9 | 10-12 | 13-15 | 16-18 | 19-21 | 22-24 || total
-------------------------+-------+-------+-------+-------+-------+-------+-------+-------++-------
Melee: Flail             |    89 |   141 |   256 |    52 |       |       |       |       ||   538
       Headbutt          |     9 |    26 |    47 |    39 |   147 |   177 |   225 |   237 ||   907
       Demon whip        |       |       |       |   113 |   713 |   794 |   685 |   686 ||  2991
       Morningstar       |       |       |       |       |       |       |     5 |       ||     5
       Broad axe         |       |       |       |       |       |       |       |    47 ||    47
Throw: Dart              |    16 |    40 |       |     5 |    74 |    54 |       |       ||   189
       Javelin           |       |    37 |    46 |    15 |       |   184 |   345 |   265 ||   892
       Boomerang         |       |       |       |       |       |     8 |       |       ||     8
Invok: Ancestor Life: Kn |       |       |     1 |       |       |       |       |       ||     1
       Recall Ancestor   |       |       |       |       |     4 |     7 |     9 |    17 ||    37
       Idealise          |       |       |       |       |     6 |    26 |    21 |    13 ||    66
       Transference      |       |       |       |       |       |     1 |       |       ||     1
Evoke: Wand              |       |       |       |       |     1 |    59 |    11 |     4 ||    75
       Tin of tremorston |       |       |       |       |       |     2 |     2 |     2 ||     6
       Phial of floods   |       |       |       |       |       |     5 |     9 |     6 ||    20
       Condenser vane    |       |       |       |       |       |     5 |     9 |    10 ||    24
       Phantom mirror    |       |       |       |       |       |       |     5 |     7 ||    12
       Box of beasts     |       |       |       |       |       |       |       |     3 ||     3
  Use: Potion            |     1 |       |     5 |     3 |     2 |     3 |     7 |    12 ||    33
       Scroll            |       |       |     6 |    12 |    18 |    30 |    11 |    23 ||   100
 Stab: Distracted        |       |       |     4 |       |     2 |    10 |     6 |    12 ||    34
       Confused          |       |       |       |       |     1 |       |       |       ||     1
       Paralysed         |       |       |       |       |       |     8 |       |       ||     8
       Invisible         |       |       |       |       |       |       |     1 |     3 ||     4
Armor: Scale mail        |     7 |       |       |       |       |       |       |       ||     7
       Chain mail        |    39 |    76 |    97 |    42 |    55 |       |       |       ||   309
       Plate armour      |       |       |       |       |   186 |   224 |   202 |    99 ||   711
       Gold dragon scale |       |       |       |       |       |       |       |   192 ||   192
Dodge: Dodged            |    22 |    27 |    44 |    57 |   144 |    82 |    78 |    97 ||   551
Block: Kite shield       |    54 |    64 |   132 |   146 |   277 |       |       |       ||   673
       Tower shield      |       |       |       |       |   140 |  1095 |   826 |   979 ||  3040
       Reflection        |       |       |       |       |       |   198 |    91 |    88 ||   377
